 Dungeon Crawl Stone Soup version 0.25.1-9-gc5326a611f (webtiles) character file.

Game seed: 4945616604868301591

327 cyrus the Covered (level 6, -3/38 HPs)
             Began as a Tengu Fighter on Feb 6, 2022.
             Was a Follower of Zin.
             Slain by an iguana (12 damage)
             ... on level 4 of the Dungeon.
             The game lasted 00:12:58 (3547 turns).

cyrus the Covered (Tengu Fighter)                   Turns: 3547, Time: 00:13:00

Health: -3/38      AC:  7    Str: 17    XL:     6   Next: 50%
Magic:  8/8        EV:  7    Int:  9    God:    Zin [*.....]
Gold:   59         SH:  9    Dex: 14    Spells: 4/5 levels left

rFire    . . .     SeeInvis .   t - +4 trident (vorpal) {monster slayer}
rCold    . . .     Gourm    .   c - +0 kite shield
rNeg     . . .     Faith    .   b - +0 scale mail
rPois    .         Spirit   .   (helmet restricted)
rElec    .         Reflect  .   (no cloak)
rCorr    .         Harm     .   (no gloves)
MR       .....                  (boots unavailable)
Stlth    ..........             o - amulet of magic regeneration
HPRegen  0.12/turn              (no ring)
MPRegen  0.36/turn              (no ring)

@: no status effects
A: beak, talons 3, able to fly
a: Fly, Recite, Donate Gold, Renounce Religion


You were on level 4 of the Dungeon.
You worshipped Zin.
Zin was aware of your devotion.
You were not hungry.

You visited 1 branch of the dungeon, and saw 4 of its levels.

You collected 143 gold pieces.
You spent 70 gold pieces at shops.
You donated 14 gold pieces to Zin.

Inventory:

Hand Weapons
 a - a +0 long sword
 l - a +0 short sword
 t - a +4 vorpal trident (weapon) {monster slayer}
Missiles
 k - 85 stones (quivered)
Armour
 b - a +0 scale mail (worn)
 c - a +0 kite shield (worn)
Jewellery
 o - an amulet of magic regeneration (around neck)
 q - an uncursed ring of fire {unknown}
 z - an uncursed ring of protection from magic {unknown}
 A - an uncursed ring of protection from fire {unknown}
Wands
 y - a wand of digging (6)
Scrolls
 g - a scroll of enchant armour {unknown}
 i - 2 scrolls of magic mapping {unknown}
 j - 2 scrolls of remove curse {unknown}
 s - 2 scrolls of fear {unknown}
 u - 3 scrolls of immolation {unknown}
 v - 2 scrolls of teleportation {unknown}
 x - a scroll of amnesia {unknown}
Potions
 d - a potion of might
 e - a potion of stabbing {unknown}
 h - a potion of invisibility {unknown}
 m - 5 potions of curing {unknown}
 n - a potion of magic {unknown}
 p - 2 potions of haste
 r - 2 potions of flight {unknown}
Comestibles
 f - 7 rations {banna}
 w - 8 chunks of flesh


   Skills:
 + Level 4.0 Fighting
 + Level 3.1 Long Blades
 + Level 2.8 Polearms
 + Level 4.3 Armour
 + Level 1.0 Dodging
 + Level 0.6 Stealth
 + Level 4.0 Shields
 + Level 0.1 Conjurations
 + Level 1.5 Invocations


You had 4 spell levels left.
You knew the following spells:

 Your Spells              Type           Power        Failure   Level  Hunger
a - Magic Dart            Conj           #...         99%         1    ##.....

Your spell library contained the following spells:

 Spells                   Type           Power        Failure   Level  Hunger
 Pain                     Necr           #...         99%         1    ##.....
 Blink                    Tloc           N/A          100%        2    ###....
 Call Imp                 Summ           #.......     100%        2    ###....
 Slow                     Hex            #.......     100%        2    ###....
 Conjure Flame            Conj/Fire      #.......     100%        3    ####...
 Mephitic Cloud           Conj/Pois/Air  #.......     100%        3    ####...


Dungeon Overview and Level Annotations

Branches:
Dungeon (4/15)
 Temple: D:4-7

Altars:
Sif Muna
Zin

Shops:
D:4 *


Innate Abilities, Weirdness & Mutations

You have a beak for a mouth.
You have claws for feet.
You can fly continuously.


Message History

The magic dart hits you.
You puncture the orc!
You kill the orc!
Your Dodging skill increases to level 1!
The iguana bites you. The orc wizard barely misses you.
You block the iguana's attack.
The orc wizard hits you but does no damage.
Things that are here:
a +0 scale mail; a scroll labeled BIUPES USHRAIWE; 17 gold pieces You hit the orc but do no damage.
The iguana bites you but does no damage.
The orc wizard barely misses you. The orc hits you but does no damage.
You closely miss the orc. You claw the orc. You peck the orc.
You kill the orc!
The iguana bites you. The orc wizard barely misses you. The iguana bites you.
* * * LOW HITPOINT WARNING * * *
The orc wizard hits you with a +0 dagger.
* * * LOW HITPOINT WARNING * * *
The iguana bites you!
You die...

##..<.#..#.#####..#
#........#..#......
##....##............
###.....##....###...#. #
#........#....##....#.
#.#.$......#....##......
..........##....##......
......o[.†##........#...
......l@..#...###.###...
.............###...#....
............####..##....
.....>......##....###...
##.#.....#...#..>.......
...#....................
............###.....)...
..≈.......# #.....)...
.§≈§...##.###..<......


You could see an iguana and an orc wizard.

Vanquished Creatures
  An orc priest (D:3)
  2 orc wizards (D:3)
  Terence (D:3)
  3 worker ants (D:4)
  A hound skeleton (D:4)
  3 gnolls (D:4)
  An adder (D:3)
  An ooze (D:1)
  5 worms
  3 dart slugs (D:1)
  7 orcs
  2 giant cockroaches
  7 goblins
  6 hobgoblins
  4 jackals (D:4)
  8 kobolds
  2 ball pythons
  8 bats
  5 frilled lizards
  6 rats
76 creatures vanquished.

Notes
Turn   | Place    | Note
-------+----------+-------------------------------------------
     0 | D:1      | cyrus the Tengu Fighter began the quest for the Orb.
     0 | D:1      | Reached XP level 1. HP: 14/14 MP: 2/2
     2 | D:1      | Noticed an ogre
     2 | D:1      | Noticed a dwarf
     4 | D:1      | Noticed a formicid
     4 | D:1      | Noticed a troll
     6 | D:1      | Noticed a human
     6 | D:1      | Noticed an elf
     8 | D:1      | Noticed a vampire
     8 | D:1      | Noticed a spriggan
    10 | D:1      | Noticed a demonspawn
    10 | D:1      | Noticed a naga
    12 | D:1      | Noticed a halfling
    14 | D:1      | Noticed a centaur
    16 | D:1      | Noticed an octopode
    16 | D:1      | Noticed a vine stalker
    18 | D:1      | Noticed a demigod
    18 | D:1      | Noticed a ghoul
    20 | D:1      | Noticed a draconian
    20 | D:1      | Noticed a merfolk
    22 | D:1      | Noticed a tengu
    24 | D:1      | Noticed a felid
    24 | D:1      | Noticed a gargoyle
    26 | D:1      | Noticed a minotaur
   187 | D:1      | Reached XP level 2. HP: 19/19 MP: 3/3
   527 | D:1      | Reached XP level 3. HP: 23/23 MP: 4/4
  1248 | D:2      | Found a glowing silver altar of Zin.
  1256 | D:2      | Became a worshipper of Zin the Law-Giver
  1464 | D:2      | Learned a level 1 spell: Magic Dart
  1729 | D:2      | Reached XP level 4. HP: 21/28 MP: 5/5
  1817 | D:2      | Reached * piety under Zin
  2037 | D:3      | Noticed Terence
  2057 | D:3      | Killed Terence
  2057 | D:3      | Reached skill level 1 in Invocations
  2350 | D:3      | Gained mutation: You can fly continuously. [Tengu growth]
  2350 | D:3      | Reached XP level 5. HP: 17/32 MP: 6/6
  3088 | D:3      | Found a shimmering blue altar of Sif Muna.
  3105 | D:3      | Reached skill level 1 in Polearms
  3117 | D:3      | Identified Sif Muna's Collected Works on Evil Secrets
  3386 | D:4      | Found Diaskesch's General Store.
  3400 | D:4      | Reached XP level 6. HP: 38/38 MP: 6/8
  3431 | D:4      | Bought a ration for 70 gold pieces
  3543 | D:4      | Reached skill level 1 in Dodging
  3547 | D:4      | Slain by an iguana

Illustrated notes

Levels and vault maps discovered:
D:1:      kb_arrival_jail, layout_basic, minivault_25
D:2:      layout_rooms, old_standard_altar, first_ration,
          minmay_goblin_kobold_house
D:3:      layout_loops_ring, led_sif_book, uniq_terence
D:4:      layout_cave_pools, kennysheep_mini, overflow_temple_1_default,
          minmay_temple_entry_overgrown, serial_shops, shop, kennysheep_doodads,
          xom_redecorated

Skill      XL: |  1  2  3  4  5  6 |
---------------+-------------------+-----
Invocations    | 1 |  1.5
Armour         | 4 |  4.3
Long Blades    | 3 |  3.1
Polearms       | 2 |  2.8
Shields        | 4 |  4.0
Fighting       | 4 |  4.0
Dodging        | 1 |  1.0
Stealth        | |  0.6
Conjurations   | |  0.1

Action                   |  1- 3 |  4- 6 || total
-------------------------+-------+-------++-------
Melee: Long sword        |    86 |    17 ||   103
       Peck              |    12 |    17 ||    29
       Kick              |    22 |    20 ||    42
       Trident           |       |    68 ||    68
Throw: Stone             |       |     2 ||     2
Invok: Recite            |       |     3 ||     3
 Abil: Fly               |       |     1 ||     1
       Stop Flying       |       |     1 ||     1
  Eat: Ration            |     1 |     2 ||     3
       Chunk             |       |     1 ||     1
Armor: Scale mail        |    50 |    47 ||    97
Dodge: Dodged            |    37 |    48 ||    85
Block: Kite shield       |    63 |    66 ||   129
       Rpst.: Long sword |    10 |     1 ||    11
